 Dungeon Crawl Stone Soup version 0.32-a0-586-gd5c3ca0 (webtiles) character file.

Game seed: 10841729163469457767

870 Remcycle the Cudgeller (level 7, 5/66 HPs)
             Began as a Troll Monk on Mar 2, 2024.
             Quit the game on level 6 of the Dungeon.
             The game lasted 00:07:50 (3797 turns).

Remcycle the Cudgeller (Troll Monk)                 Turns: 3797, Time: 00:07:51

Health: 5/66       AC:  4    Str: 22    XL:     7   Next: 73%
Magic:  6/6        EV: 10    Int:  6    God:
Gold:   304        SH:  0    Dex: 12    Spells: 6/6 levels left

rFire   . .          .
                       - Unarmed
rCold   + . .        d - orb {light}
rNeg    . . .        b - +0 robe
rPois   .            (helmet restricted)
rElec   .            (no cloak)
rCorr   .            (gloves unavailable)
SInv    .            (boots unavailable)
Will    .....        (no amulet)
Stlth   +            f - ring of protection from cold
HPRegen 1.11/turn    (no ring)
MPRegen 0.10/turn

%: no passive effects
@: glowing
A: large, unfitting armour, claws 3, regeneration 1, shaggy fur 1, tough skin 1
a: no special abilities


You were on level 6 of the Dungeon.
You visited 2 branches of the dungeon, and saw 7 of its levels.

You collected 304 gold pieces.

Inventory:

Hand Weapons
 a - a +1 mace
Armour
 b - a +0 robe (worn)
 d - an orb of light (worn)
Jewellery
 f - a ring of protection from cold (left claw)
 o - a ring of flight
Scrolls
 g - 2 scrolls of teleportation
 j - 2 scrolls of blinking {unknown}
 l - a scroll of fog {unknown}
 m - a scroll of identify
 n - a scroll of poison
Potions
 c - a potion of ambrosia
 e - a potion of lignification {unknown}
 h - a potion of heal wounds
 i - a potion of enlightenment
 k - 2 potions of brilliance {unknown}


   Skills:
 - Level 2.4 Fighting
 + Level 6.3 Maces & Flails
 - Level 2.4 Dodging
 + Level 6.0 Unarmed Combat


You had 6 spell levels left.
You didn't know any spells.
Your spell library contained the following spells:

 Spells                   Type           Power      Damage    Failure   Level
 Freeze                   Ice            0%         1d3       45%         1
 Frozen Ramparts          Ice            0%         1d1       83%         3
 Hailstorm                Conj/Ice       0%         3d5       83%         3
 Brom's Barrelling Bould  Conj/Erth      0%         2d3       99%         4
 Fireball                 Conj/Fire      0%         3d3       100%        5
 Iskenderun's Battlesphe  Conj           0%         2d6       100%        5
 Conjure Ball Lightning   Conj/Air       0%         3x3d6     100%        6
 Orb of Destruction       Conj           0%         9d5       100%        7


Dungeon Overview and Level Annotations

Branches:
Dungeon (6/15)             Temple (1/1) D:4

Altars:
Cheibriados
Dithmenos
Elyvilon
Fedhas
Gozag
Kikubaaqudgha
Makhleb
Qazlal
Trog
Wu Jian
Xom
Yredelemnul

Annotations:
D:4 2 transporters


Innate Abilities, Weirdness & Mutations

You are too large for most types of armour.
You have claws for hands.
Your natural rate of healing is unusually fast.
You are covered in fur. (AC +1)
You have tough skin. (AC +1)


Message History

You are too injured to fight recklessly!
You are too injured to fight recklessly!
You scratch the sky beast but do no damage.
The sky beast is severely wounded.
The ufetubus hits you but does no damage.
The ufetubus hits you. The ufetubus barely misses you. The ufetubus hits you.
The sky beast hits you but does no damage.
The iguana misses you. The ufetubus hits you.
The ufetubus hits you but does no damage.
The ufetubus closely misses you. The ufetubus hits you.
You barely miss the sky beast.
The sky beast is severely wounded.
The ufetubus hits you.
* * * LOW HITPOINT WARNING * * *
The ufetubus barely misses you. The iguana barely misses you.
The sky beast closely misses you. The ufetubus hits you.
* * * LOW HITPOINT WARNING * * *
The ufetubus hits you.
* * * LOW HITPOINT WARNING * * *
Unknown command.
You scratch the ufetubus.
The ufetubus is almost dead.
The ufetubus closely misses you. The ufetubus hits you.
* * * LOW HITPOINT WARNING * * *
The ufetubus hits you.
* * * LOW HITPOINT WARNING * * *
The ufetubus barely misses you. The sky beast barely misses you.
The iguana bites you but does no damage.
You closely miss the ufetubus.
The ufetubus is almost dead.
The ufetubus hits you but does no damage.
The ufetubus closely misses you. The ufetubus barely misses you. x2
The sky beast hits you.
* * * LOW HITPOINT WARNING * * *
The sky beast shocks you.
* * * LOW HITPOINT WARNING * * *
The iguana bites you but does no damage.
The ufetubus barely misses you. The ufetubus misses you.
The ufetubus barely misses you. The ufetubus closely misses you.
Are you sure you want to abandon this character and quit the game? (Confirm with "yes".)

#. #. #.. #..
########## #..(
......... #...###
##...$.##
#.....###..5Y...#
#..##..@....#
##.##..5l...#
#.........##
####..##.....#
#######....>#.......#
#...(...###.#.........
##.#######
#.#........## ...#
...........# ...###..
.##........


You could see a sky beast (invisible), an iguana and 2 ufetubi.

Vanquished Creatures
  Grinder (D:6)
  An ogre (D:5)
  A phantom (D:4)
  2 scorpions (D:4)
  2 howler monkeys
  4 jellies (D:5)
  An iguana (D:5)
  3 gnolls (D:5)
  5 adders
  3 ribbon worms
  2 dart slugs
  3 orcs
  7 ball pythons
  16 endoplasms
  3 giant cockroaches
  9 goblins
  9 hobgoblins
  8 jackals
  17 kobolds
  2 quokkas
  4 bats
  A frilled lizard (D:1)
  3 rats
107 creatures vanquished.

Notes
Turn   | Place    | Note
-------+----------+-------------------------------------------
     0 | D:1      | Remcycle the Troll Monk began the quest for the Orb.
     0 | D:1      | Reached XP level 1. HP: 22/22 MP: 0/0
   137 | D:1      | Reached skill level 1 in Unarmed Combat
   140 | D:1      | Reached XP level 2. HP: 29/29 MP: 1/1
   698 | D:1      | Reached XP level 3. HP: 36/36 MP: 2/2
   713 | D:1      | Found a faded altar of an unknown god.
  1837 | D:3      | Reached XP level 4. HP: 42/44 MP: 3/3
  1904 | D:3      | You fall into a shaft and drop 2 floors!
  1904 | D:5      | Entered Level 5 of the Dungeon
  1983 | D:5      | Reached XP level 5. HP: 48/50 MP: 4/4
  2051 | D:5      | Found an opulent altar of Gozag.
  2051 | D:5      | Found an ornate altar of the Wu Jian Council.
  2287 | D:5      | Found a stormy altar of Qazlal.
  2391 | D:4      | Found a transporter.
  2396 | D:4      | Noticed a water moccasin
  2398 | D:4      | Found a transporter.
  2398 | D:4      | Found a shadowy altar of Dithmenos.
  2436 | D:4      | Found a staircase to the Ecumenical Temple.
  2442 | D:4      | Reached XP level 6. HP: 57/59 MP: 5/5
  2457 | Temple   | Entered the Ecumenical Temple
  2819 | D:4      | Reached skill level 5 in Maces & Flails
  2962 | D:4      | Found a burning altar of Makhleb.
  3446 | D:5      | Reached skill level 5 in Unarmed Combat
  3446 | D:5      | Reached XP level 7. HP: 52/66 MP: 6/6
  3741 | D:6      | Noticed Grinder
  3746 | D:6      | Killed Grinder
  3797 | D:6      | Quit the game

Illustrated notes

Levels and vault maps discovered:
D:1:      scummos_arrival_simple_crosswalls, layout_basic,
          dilly_ecumenical_altar_fadedgnrine
D:2:      layout_loops_corners, kennysheep_minor_cross
D:3:      layout_loops_ring
D:4:      layout_cave_pools, gammafunk_temple_overflow_arena, bloody_makhleb,
          minmay_temple_entry_overgrown, kennysheep_crisscross, chequers_jeans,
          minivault_4, kennysheep_diamond
D:5:      cheibrodos_fertilizer, layout_basic, overflow_temple_1_default,
          mainiacjoe_overflow_divided_tiny
D:6:      layout_rooms, gammafunk_temple_overflow_elements,
          chequers_serial_rivers_micro_b, kennysheep_opposing_triangles,
          uniq_maggie, uniq_grinder
Temple:   nicolae_temple_little_seven

Skill      XL: |  1  2  3  4  5  6  7 |
---------------+----------------------+-----
Maces & Flails | 3 4 5 6 |  6.3
Unarmed Combat | 1 2 3 4 5 6 |  6.0
Fighting       | |  2.4
Dodging        | |  2.4

Action                     |  1- 3 |  4- 6 |  7- 9 || total
---------------------------+-------+-------+-------++-------
  Melee: Unarmed           |    91 |   125 |    26 ||   242
    Use: Scroll            |       |     5 |       ||     5
 Armour: Robe              |    50 |    98 |    39 ||   187
  Dodge: Dodged            |    40 |    83 |    33 ||   156

Table legend: (Time is in decaauts)
 A = Elapsed time spent in this place.
 B = Non-inter-level travel time spent in this place.
 C = Inter-level travel time spent in this place.
 D = Time resting spent in this place.
 E = Time spent auto-exploring this place.
 F = Levels seen in this place.
 G = Mean time per level.
                   A        B        C        D        E       F      G
               +--------+--------+--------+--------+--------+-----+--------+
         Total |   3781 |   3681 |    100 |     75 |   3016 |   7 |  540.1 |
       Dungeon |   3779 |   3679 |    100 |     75 |   3016 |   6 |  629.8 |
        Temple |      1 |      1 |      0 |      0 |      0 |   1 |    1.0 |
               +--------+--------+--------+--------+--------+-----+--------+

Top non-repeatable levels by time:
     D:5: 907 daAuts
     D:1: 809 daAuts
     D:2: 775 daAuts
     D:3: 616 daAuts
     D:4: 611 daAuts
     D:6: 59 daAuts
  Temple: 1 daAuts
